 Dungeon Crawl Stone Soup version 0.31-a0-1002-g8e65716e6e (webtiles) character file.

Game seed: 4514460007290337475

6650 BinkBink the Fighter (level 10, -13/94 HPs)
             Began as a Minotaur Fighter on Nov 9, 2023.
             Was a Believer of the Shining One.
             Mangled by a catoblepas (18 damage)
             ... on level 10 of the Dungeon.
             The game lasted 00:09:14 (9675 turns).

BinkBink the Fighter (Minotaur Fighter)             Turns: 9675, Time: 00:09:15

Health: -13/94     AC: 21    Str: 23    XL:     10   Next: 72%
Magic:  0/9        EV:  7    Int:  5    God:    the Shining One [**....]
Gold:   518        SH:  7    Dex: 15    Spells: 9/9 levels left

rFire   . . .        s - +7 flail of Ash {freeze, Fragile rElec rCorr Str-2}
rCold   . . .        c - +0 buckler
rNeg    + . .        n - +0 plate armour
rPois   .            (helmet restricted)
rElec   +            H - +2 cloak "Peirac" {Dex+5}
rCorr   +            (no gloves)
SInv    .            u - +2 pair of boots
Will    ++...        x - amulet of guardian spirit Stlth
                     w - ring of willpower
HPRegen 0.35/turn    (no ring)
MPRegen 0.11/turn

%: guardian spirit
@: brilliant, attractive, enlightened, flying, glowing
A: horns 2, retaliatory headbutt
a: Renounce Religion, Divine Shield


You were on level 10 of the Dungeon.
You worshipped the Shining One.
The Shining One was pleased with you.
You visited 2 branches of the dungeon, and saw 11 of its levels.

You collected 518 gold pieces.

Inventory:

Hand Weapons
 a - a +0 war axe
 s - the +7 flail of Ash (weapon) {freeze, Fragile rElec rCorr Str-2}
   (You found it on level 4 of the Dungeon)

   Str-2:     It affects your strength (-2).
   rElec:     It insulates you from electricity.
   rCorr:     It protects you from acid and corrosion.
   Fragile:   It will be destroyed if unequipped.
Armour
 c - a +0 buckler (worn)
 n - a +0 plate armour (worn)
 u - a +2 pair of boots (worn)
 H - the +2 cloak "Peirac" (worn) {Dex+5}
   (You found it on level 8 of the Dungeon)

   Dex+5:     It affects your dexterity (+5).
Jewellery
 w - a ring of willpower (left hand)
 x - an amulet of guardian spirit (around neck)
 G - an amulet of reflection
Wands
 p - a wand of flame (7)
 I - a wand of iceblast (6)
 J - a wand of paralysis (4)
Scrolls
 f - 4 scrolls of poison {unknown}
 g - 2 scrolls of fog {unknown}
 h - 2 scrolls of torment {unknown}
 i - 2 scrolls of noise {unknown}
 j - 3 scrolls of blinking {unknown}
 m - 9 scrolls of identify {unknown}
 o - 4 scrolls of enchant armour {unknown}
 q - a scroll of vulnerability {unknown}
 t - 3 scrolls of acquirement {unknown}
 v - 2 scrolls of revelation {unknown}
 y - 2 scrolls of brand weapon {unknown}
 B - 2 scrolls of fear {unknown}
 D - a scroll of teleportation {unknown}
 E - a scroll of amnesia {unknown}
 F - a scroll of enchant weapon {unknown}
Potions
 b - a potion of attraction
 d - a potion of might
 e - 2 potions of enlightenment
 k - a potion of heal wounds {unknown}
 l - a potion of berserk rage {unknown}
 r - 2 potions of curing {unknown}
 z - 2 potions of brilliance
 A - a potion of haste {unknown}
 C - 2 potions of degeneration {unknown}


   Skills:
 + Level 10.5 Fighting
 + Level 10.2 Axes
 + Level 10.5 Armour
 + Level 10.5 Shields


You had 9 spell levels left.
You didn't know any spells.
Your spell library contained the following spells:

 Spells                   Type           Power      Damage    Failure   Level
 Necrotise                Necr           0%         1d4       100%        1
 Slow                     Hex            0%         N/A       100%        1
 Confusing Touch          Hex            0%         N/A       100%        3
 Sigil of Binding         Hex            0%         N/A       100%        3
 Vampiric Draining        Necr           0%         2d6       100%        3
 Agony                    Necr           0%         N/A       100%        5
 Alistair's Intoxication  Tmut/Pois      0%         N/A       100%        5
 Borgnjor's Vile Clutch   Necr/Erth      0%         N/A       100%        5
 Eringya's Noxious Bog    Tmut/Pois      0%         4d6       100%        6


Dungeon Overview and Level Annotations

Branches:
Dungeon (10/15)            Temple (1/1) D:4            Lair (0/5) D:9
    Orc: D:9-12

Altars:
Ashenzari
Cheibriados
Dithmenos
Elyvilon
Fedhas
Gozag
Hepliaklqana
Kikubaaqudgha
Makhleb
Nemelex Xobeh
Okawaru
Qazlal
Ru
Sif Muna
Trog
Uskayaw
Vehumet
Wu Jian
Xom
Yredelemnul
Zin
The Shining One

Shops:
D:6 *   D:9 (

Annotations:
D:10 4 runed translucent doors


Innate Abilities, Weirdness & Mutations

You have a pair of horns on your head.
You reflexively headbutt those who attack you in melee.


Message History

You headbutt the catoblepas, but do no damage.
The catoblepas is moderately wounded.
You are engulfed in calcifying dust.
Your limbs have turned to stone.
The catoblepas gores you! The catoblepas completely misses you.
You have turned to stone.
You are engulfed in calcifying dust.
The catoblepas gores you.
You are engulfed in calcifying dust.
The catoblepas gores you but does no damage.
The catoblepas gores you!!
The catoblepas breathes a plume of calcifying dust at you.
The blast of calcifying dust hits you!
You are engulfed in calcifying dust.
The catoblepas gores you.
You are engulfed in calcifying dust.
The catoblepas gores you!!
You are engulfed in calcifying dust.
The catoblepas breathes a plume of calcifying dust at you.
The blast of calcifying dust hits you but does no damage.
You are engulfed in calcifying dust.
The catoblepas gores you but does no damage.
You turn to flesh and can move again.
You hit the catoblepas but do no damage.
The catoblepas is lightly wounded.
You are engulfed in calcifying dust.
The catoblepas gores you!!
* * * LOW HITPOINT WARNING * * *
Okay, then.
Okay, then.
You hit the catoblepas. You freeze the catoblepas. You headbutt the catoblepas!
The catoblepas is moderately wounded.
The catoblepas gores you!
* * * LOW HITPOINT WARNING * * *
Okay, then.
It was a potion of brilliance.
You feel clever all of a sudden. You block the catoblepas's attack.
It was a potion of enlightenment.
You feel very buoyant.
You fly up into the air.
The catoblepas closely misses you.
It was a potion of attraction.
You feel attractive to monsters. The catoblepas gores you!!
You die...

.##.###..##8:}8##..#
..#.###..#8....8#..##
...>.....+....uu+...##
.######..+.....p+....#
.# #..#8.!..8#.##.## .#
###..##8}$8##.##..##
.####.....######.......#
......###'# #'###...#
.##..##...### #@#.##..#
.###.#.#.##)# ##Y#.#..#
.# #.#.##.#.# ###.#..#
.# #.#.#.##.# #)#..#
.###.#.###..# #.#..#
...#.##)(..#### .##..#
##....######..######...#
####.)................#
####################


You could see a catoblepas.

Vanquished Creatures
  A cyclops (D:10)
  A kobold demonologist (D:8)
  Maggie (D:8)
  A troll (D:10)
  4 yaks (D:9)
  A wyvern (D:10)
  Menkaure (D:4)
  An acid dragon (D:9)
  3 water moccasins
  4 orc warriors
  A sky beast (D:8)
  2 black bears
  3 ogres
  2 centaurs
  A phantom (D:7)
  8 kobold brigands
  3 bullfrogs
  A scorpion (D:5)
  2 gnoll sergeants
  8 wights
  14 killer bees
  3 electric eels (D:10)
  A howler monkey (D:9)
  3 jellies
  A gnoll bouda (D:8)
  3 hounds
  8 orc priests
  2 sleepcaps (D:5)
  2 iguanas
  5 orc wizards
  18 gnolls
  3 adders
  A shadow imp (D:7)
  A white imp (D:5)
  2 ufetubi (D:5)
  3 worms
  5 dart slugs
  31 orcs
  8 endoplasms
  2 giant cockroaches
  9 goblins
  10 hobgoblins
  7 jackals
  20 kobolds
  4 quokkas
  8 ball pythons
  6 bats
  3 frilled lizards
  5 rats
237 creatures vanquished.

Notes
Turn   | Place    | Note
-------+----------+-------------------------------------------
     0 | D:1      | BinkBink the Minotaur Fighter began the quest for the Orb.
     0 | D:1      | Reached XP level 1. HP: 19/19 MP: 0/0
    73 | D:1      | Reached XP level 2. HP: 14/27 MP: 1/1
   299 | D:1      | Reached XP level 3. HP: 22/33 MP: 2/2
  1733 | D:3      | Found a radiant altar of Vehumet.
  1780 | D:3      | Reached XP level 4. HP: 38/40 MP: 3/3
  1885 | D:3      | Found an iron altar of Okawaru.
  1963 | D:3      | Found an opulent altar of Gozag.
  2681 | D:4      | Reached XP level 5. HP: 47/47 MP: 4/4
  2805 | D:4      | Identified the +7 flail of Ash {freeze, Fragile rElec rCorr
                  | Str-2}
  2812 | D:4      | Noticed Menkaure
  2820 | D:4      | Killed Menkaure
  2821 | D:4      | Reached skill level 5 in Fighting
  2821 | D:4      | Reached skill level 5 in Armour
  2821 | D:4      | Reached skill level 5 in Shields
  2821 | D:4      | Reached XP level 6. HP: 9/56 MP: 5/5
  3104 | D:4      | Found a staircase to the Ecumenical Temple.
  3115 | Temple   | Entered the Ecumenical Temple
  3134 | Temple   | Became a worshipper of the Shining One
  3929 | D:5      | Entered Level 5 of the Dungeon
  4051 | D:5      | Noticed a water moccasin
  4052 | D:5      | Found a sacrificial altar of Ru.
  4056 | D:5      | Reached skill level 5 in Axes
  4056 | D:5      | Reached XP level 7. HP: 23/62 MP: 6/6
  4518 | D:5      | Reached XP level 8. HP: 39/71 MP: 7/7
  4686 | D:5      | Reached * piety under the Shining One
  4852 | D:6      | Found a basalt altar of Yredelemnul.
  5213 | D:6      | Found Uturyn's General Store.
  6274 | D:7      | Found a snail-covered altar of Cheibriados.
  6393 | D:7      | Reached XP level 9. HP: 81/81 MP: 8/8
  6785 | D:8      | Noticed Maggie
  6794 | D:8      | Killed Maggie
  6849 | D:8      | Reached ** piety under the Shining One
  6968 | D:8      | Identified the +2 cloak "Peirac" {Dex+5}
  7120 | D:8      | Noticed a kobold demonologist
  7127 | D:8      | Noticed a rust devil
  7130 | D:8      | Killed a kobold demonologist
  7364 | D:8      | Found a hazy altar of Hepliaklqana.
  7659 | D:8      | Found a broken altar of Ashenzari.
  7843 | D:9      | Reached XP level 10. HP: 91/91 MP: 9/9
  8226 | D:9      | Found Hiycvebu's Weapon Emporium.
  8231 | D:9      | Found a staircase to the Lair.
  8356 | D:9      | Found an ornate altar of the Wu Jian Council.
  8361 | D:9      | Reached skill level 10 in Armour
  8361 | D:9      | Reached skill level 10 in Shields
  8501 | D:10     | Entered Level 10 of the Dungeon
  8527 | D:10     | Reached skill level 10 in Fighting
  9213 | D:10     | Found a large runed translucent door.
  9214 | D:10     | Found a large runed translucent door.
  9221 | D:10     | Noticed a death knight
  9221 | D:10     | Noticed a brown ugly thing
  9239 | D:10     | Noticed a cyclops
  9249 | D:10     | Killed a cyclops
  9250 | D:10     | Reached skill level 10 in Axes
  9390 | D:10     | Found a large runed translucent door.
  9390 | D:10     | Found a large runed translucent door.
  9653 | D:10     | Noticed a catoblepas
  9672 | D:10     | HP: 4/94 [catoblepas (14)]
  9675 | D:10     | Mangled by a catoblepas

Illustrated notes

Levels and vault maps discovered:
D:1:      dpeg_arrival_tiny_i, layout_basic, minmay_pentomino_t4
D:2:      layout_loops_corners, roderic_three_in_a_row,
          chequers_serial_rivers_micro_a
D:3:      layout_basic, lemuel_doored_altar, grunt_gozag_statues,
          vehumet_altar_wand_db
D:4:      layout_basic, minmay_temple_entry_proselytizer,
          kennysheep_generic_room_4, uniq_menkaure
D:5:      layout_cave_pools, nicolae_ru_awakened_eye
D:6:      layout_basic, mainiacjoe_overflow_catwalk, serial_shops,
          nicolae_shop_hallway_plus, nrook_campfire
D:7:      layout_basic, mainiacjoe_overflow_surrounded_room,
          serial_corexii_hall, corexii_hall_statues_i, corexii_hall_statues_x,
          minmay_misc_feat_enclosed
D:8:      layout_layer_cave, lemuel_crystal_altar, old_standard_altar,
          uniq_maggie
D:9:      layout_roguey, nicolae_wu_jian_immortal_techniques, lair_entry_dummy,
          serial_shops, shop
D:10:     layout_basic, minmay_hollow_rounded_squares
Temple:   nicolae_temple_ecumenical_triangle

Skill      XL: |  1  2  3  4  5  6  7  8  9 10 |
---------------+-------------------------------+-----
Fighting       | 4 5 6 7 9 10 | 10.5
Axes           | 3 4 5 6 7 9 10 | 10.2
Armour         | 4 5 6 7 9 10 | 10.5
Shields        | 4 5 6 7 9 10 | 10.5

Action                     |  1- 3 |  4- 6 |  7- 9 | 10-12 || total
---------------------------+-------+-------+-------+-------++-------
  Melee: War axe           |    79 |    77 |       |       ||   156
         Headbutt          |    11 |    20 |    39 |    25 ||    95
         Flail             |       |    37 |   191 |   125 ||   353
    Use: Potion            |       |       |       |     3 ||     3
 Armour: Scale mail        |    33 |       |       |       ||    33
         Plate armour      |    17 |   105 |   268 |   157 ||   547
  Dodge: Dodged            |    41 |    33 |    92 |    50 ||   216
  Block: Buckler           |    21 |    20 |    76 |    47 ||   164

Table legend: (Time is in decaauts)
 A = Elapsed time spent in this place.
 B = Non-inter-level travel time spent in this place.
 C = Inter-level travel time spent in this place.
 D = Time resting spent in this place.
 E = Time spent auto-exploring this place.
 F = Levels seen in this place.
 G = Mean time per level.
                   A        B        C        D        E       F      G
               +--------+--------+--------+--------+--------+-----+--------+
         Total |   9825 |   9559 |    266 |    756 |   7445 |  11 |  893.2 |
       Dungeon |   9793 |   9540 |    253 |    756 |   7445 |  10 |  979.3 |
        Temple |     32 |     19 |     13 |      0 |      0 |   1 |   32.0 |
               +--------+--------+--------+--------+--------+-----+--------+

Top non-repeatable levels by time:
     D:4: 1250 daAuts
    D:10: 1206 daAuts
     D:8: 1188 daAuts
     D:3: 1071 daAuts
     D:6: 954 daAuts
     D:5: 937 daAuts
     D:2: 880 daAuts
     D:7: 861 daAuts
     D:1: 758 daAuts
     D:9: 684 daAuts
  Temple: 32 daAuts
